 Dungeon Crawl Stone Soup version 0.19-a0-770-g33a097e (webtiles) character file.

294 pestonoire the Vexing (level 6, -6/28 HPs)
             Began as a Spriggan Enchanter on June 25, 2016.
             Mangled by an orc priest
             ... wielding a +0 short sword
              (7 damage)
             ... on level 4 of the Dungeon.
             The game lasted 00:25:51 (3503 turns).

pestonoire the Vexing (Spriggan Enchanter)          Turns: 3503, Time: 00:25:52

Health: -6/28      AC:  3    Str:  4    XL:     6   Next: 11%
Magic:  2/13       EV: 18    Int: 24    God:
Gold:   85         SH:  0    Dex: 16    Spells: 4 memorised, 4 levels left

rFire  . . .     SeeInvis +     a - +1 dagger
rCold  . . .     Gourm    .     e - +1 robe
rNeg   . . .     Faith    .     (shield restricted)
rPois  .         Spirit   .     (helmet restricted)
rElec  .         Dismiss  .     (no cloak)
rCorr  .         Reflect  .     (gloves unavailable)
SustAt .         Harm     .     (boots unavailable)
MR     +....                    p - amulet of rage
Stlth  ++++......               s - ring of wizardry
                                h - ring of stealth

@: brilliant, very quick, somewhat resistant to hostile enchantments, stealthy
A: unfitting armour, see invisible, herbivore 3, speed 3, slow metabolism 2
a: Evoke Berserk Rage


You were on level 4 of the Dungeon.
You were full.

You visited 1 branch of the dungeon, and saw 4 of its levels.

You collected 85 gold pieces.

Inventory:

Hand Weapons
 a - a +1 dagger (weapon)
 b - a +0 hunting sling
 q - a +0 rapier
 A - a +0 blowgun
Missiles
 i - 46 sling bullets
 w - 6 tomahawks of returning (quivered)
 y - 3 tomahawks
Armour
 e - a +1 robe (worn)
Jewellery
 h - a ring of stealth (left hand)
 p - an amulet of rage (around neck)
 s - a ring of wizardry (right hand)
Wands
 u - a wand of digging (16/24)
Scrolls
 l - a scroll of noise {unknown}
 m - a scroll of random uselessness {unknown}
 o - a scroll of amnesia {unknown}
 r - a scroll of teleportation
 t - 2 scrolls of recharging
Potions
 f - a potion of haste {unknown}
 g - a potion of heal wounds {unknown}
 j - a potion of curing {unknown}
 k - a potion of flight
 n - 2 potions of lignification
 v - a potion of brilliance
 x - a potion of mutation {unknown}
 z - a potion of beneficial mutation {unknown}
 B - a potion of magic {unknown}
Books
 c - a book of Maledictions

   Spells                             Type                      Level
   a - Corona                         Hexes                        1
   b - Ensorcelled Hibernation        Hexes/Ice                    2
   c - Confuse                        Hexes                        3
   d - Tukima's Dance                 Hexes                        3
   e - Dazzling Spray                 Conjuration/Hexes            3
Comestibles
 d - 4 bread rations


   Skills:
 * Level 4.1 Short Blades
 - Level 3.0 Dodging
 - Level 4.4 Stealth
 - Level 4.0 Spellcasting
 + Level 6.2 Hexes


You had 4 spell levels left.
You knew the following spells:

 Your Spells              Type           Power        Failure   Level  Hunger
a - Corona                Hex            #####..      1%          1    None
b - Ensorcelled Hibernat  Hex/Ice        ####..       1%          2    #......
c - Confuse               Hex            #####...     1%          3    ##.....
d - Tukima's Dance        Hex            #####...     1%          3    ##.....


Dungeon Overview and Level Annotations

Branches:
Dungeon (4/15)
 Temple: D:4-7

Altars:
Cheibriados
Yredelemnul


Innate Abilities, Weirdness & Mutations

You are tiny and cannot use many weapons and most armour.
You have supernaturally acute eyesight. (SInv)
You are a herbivore.
You cover ground extremely quickly.
You need consume almost no food.


Message History

Okay, then.
The orc priest miscasts a cantrip.
You start resting.
Casting: Ensorcelled Hibernation
Confirm with . or Enter, or press ? or * to list all spells.
Aiming: Ensorcelled Hibernation
Press: ? - help, Shift-Dir - straight line, f/p - orc priest
Aim: an orc priest, wielding a short sword (chance to defeat MR: 46%)
The orc priest resists with some effort.
The orc priest mumbles some strange prayers to Beogh against you.
Beogh smites you!
Ouch! That really hurt!
* * * LOW HITPOINT WARNING * * *
You hit the orc priest.
The orc priest is lightly wounded.
The orc priest hits you but does no damage.
It was a potion of brilliance.
You feel clever all of a sudden.
The orc priest hits you with a short sword!
You die...

#.#
#.########.###............
#.#
#...........%.........>...
#.#
#..######..###[######.....
#.# ###..# #..# #.# #.####
#.# #....# #..# #.# #.# #
#.# #.##.# #..# #.# #.# #
..# #.##.# #..# #.## #.# #
### #.##.# #..# #..# #.# #
######.##.#
#@.####.#####.# #
##...#.##.####
#o.#.......##.#
##.....##..$.#
#..#.#####.##.#
.......#####$###..#.#
#.##.#
....................#
#....#
.......##.##.######.#
#.#### ..........####
#.#####.# .......####
#...(...# # .......#
####.##########


You could see an orc priest.

Vanquished Creatures
  A crimson imp (D:4)
  An orc wizard (D:4)
  An orc priest (D:4)
  A worker ant (D:4)
  4 gnolls (D:2)
  7 adders
  4 dart slugs
  2 giant geckos (D:4)
  3 orcs (D:4)
  12 bats
  2 giant cockroaches
  4 goblins
  7 hobgoblins
  4 jackals (D:4)
  A quokka (D:3)
  3 giant newts (D:1)
  4 kobolds
  9 rats
70 creatures vanquished.

Notes
Turn   | Place    | Note
--------------------------------------------------------------
     0 | D:1      | pestonoire the Spriggan Enchanter began the quest for the Orb.
     0 | D:1      | Reached XP level 1. HP: 9/9 MP: 5/5
   171 | D:1      | Reached XP level 2. HP: 10/13 MP: 7/7
   190 | D:1      | Reached skill level 4 in Hexes
   638 | D:1      | Learned a level 2 spell: Ensorcelled Hibernation
  1059 | D:2      | Reached XP level 3. HP: 16/16 MP: 9/9
  1064 | D:2      | Learned a level 3 spell: Confuse
  1284 | D:2      | Reached skill level 5 in Hexes
  1302 | D:2      | Reached XP level 4. HP: 21/21 MP: 3/11
  1487 | D:2      | Learned a level 3 spell: Tukima's Dance
  2004 | D:3      | Found a basalt altar of Yredelemnul.
  2582 | D:4      | Reached XP level 5. HP: 24/24 MP: 12/12
  2788 | D:4      | Found a snail-covered altar of Cheibriados.
  3056 | D:4      | Reached skill level 6 in Hexes
  3460 | D:4      | Reached XP level 6. HP: 28/28 MP: 0/13
  3500 | D:4      | HP: 1/28 [orc priest/divine providence (16)]
  3503 | D:4      | Mangled by an orc priest

Vault maps used:
D:1:      sevenhm_arrival_forest_fort_small_6
D:3:      old_standard_altar, first_bread
D:4:      kennysheep_slug_shrine

Skill      XL: |  1  2  3  4  5 |
---------------+----------------+-----
Spellcasting   | 3 4 |  4.0
Hexes          | 4 5 6 |  6.2
Short Blades   | 2 4 |  4.1
Dodging        | |  3.0
Stealth        | |  4.4

Action                   |  1- 3 |  4- 6 || total
-------------------------+-------+-------++-------
Melee: Dagger            |    79 |   151 ||   230
 Cast: Corona            |     6 |     9 ||    15
       Ensorcelled Hiber |     2 |    22 ||    24
       Confuse           |     1 |     2 ||     3
       Tukima's Dance    |       |     1 ||     1
  Use: Scroll            |       |     8 ||     8
       Potion            |       |     1 ||     1
 Stab: Sleeping          |    19 |    23 ||    42
       Confused          |     1 |       ||     1
       Distracted        |       |     1 ||     1
  Eat: Bread ration      |       |     1 ||     1
Armor: Robe              |     5 |    26 ||    31
Dodge: Dodged            |    44 |   139 ||   183
